 Dungeon Crawl Stone Soup version 0.30-a0-571-gdf30a72648 (webtiles) character file.

Game seed: 8793190007387474295

28 bmack86 the Trooper (level 2, -4/27 HPs)
             Began as a Minotaur Fighter on Dec 29, 2022.
             Slain by a gnoll
             ... wielding a +0 flail
              (7 damage)
             ... on level 2 of the Dungeon.
             The game lasted 00:02:16 (737 turns).

bmack86 the Trooper (Minotaur Fighter)               Turns: 737, Time: 00:02:17

Health: -4/27      AC:  9    Str: 20    XL:     2   Next: 96%
Magic:  1/1        EV:  7    Int:  5    God:
Gold:   71         SH:  4    Dex:  9    Spells: 1/1 levels left

rFire   . . .      SeeInvis .    a - +0 war axe
rCold   . . .      Faith    .    c - +0 buckler
rNeg    . . .      Spirit   .    e - +0 chain mail
rPois   .          Reflect  .    (helmet restricted)
rElec   .          Harm     .    (no cloak)
rCorr   .          Rampage  .    (no gloves)
Will    .....                    (no boots) Stlth
                                 (no amulet)
HPRegen 0.24/turn                (no ring)
MPRegen 0.07/turn                (no ring)

@: mighty
A: horns 2, retaliatory headbutt
a: no special abilities


You were on level 2 of the Dungeon.
You visited 1 branch of the dungeon, and saw 2 of its levels.

You collected 71 gold pieces.

Inventory:

Hand Weapons
 a - a +0 war axe (weapon)
Armour
 c - a +0 buckler (worn)
 e - a +0 chain mail (worn)
Potions
 b - a potion of berserk rage {unknown}
 f - a potion of haste {unknown}
 g - 2 potions of curing
 h - a potion of degeneration {unknown}


   Skills:
 + Level 3.9 Fighting
 * Level 3.3 Axes
 + Level 3.9 Armour
 + Level 3.9 Shields


You had one spell level left.
You didn't know any spells.
Your spell library was empty.

Dungeon Overview and Level Annotations

Branches:
Dungeon (2/15)

Altars:


Innate Abilities, Weirdness & Mutations

You have a pair of horns on your head.
You reflexively headbutt those who attack you in melee.


Message History

It is a scroll of identify.
g - 2 potions of curing
There is a stone staircase leading down here.
You climb downwards.
There is a stone staircase leading up here.
Found a blue potion.
Found a robe, a large steel amulet and 17 gold pieces.
h - a blue potion
Found 13 gold pieces. 3 gnolls come into view.
The gnoll shouts! x3
The gnoll moves out of view.
You see here a +0 robe.
A rat comes into view.
The gnoll barely misses you. The gnoll completely misses you.
You see here a +0 robe.
The gnoll attacks as you move away! You block the gnoll's attack.
You barely miss the gnoll. The gnoll hits you but does no damage.
You barely miss the gnoll.
The gnoll hits you from afar with a +0 halberd.
You block the gnoll's attack.
You hit the gnoll but do no damage.
You headbutt the gnoll, but do no damage.
The gnoll hits you from afar with a +0 halberd!
The gnoll hits you with a +0 flail.
The gnoll hits you from afar with a +0 halberd.
* * * LOW HITPOINT WARNING * * *
The gnoll hits you with a +0 flail.
* * * LOW HITPOINT WARNING * * *
You feel very mighty all of a sudden.
The gnoll hits you from afar with a +0 halberd.
* * * LOW HITPOINT WARNING * * *
The gnoll barely misses you. You furiously retaliate!
You headbutt the gnoll. You closely miss the gnoll.
The gnoll is moderately wounded.
The gnoll hits you from afar with a +0 halberd.
* * * LOW HITPOINT WARNING * * *
The gnoll hits you with a +0 flail!
You die...

##.$ #.# ......... #.#
#....r.... #.# ..........
#.# ### ....... ...#.# #..
....... #.#.############.#
...$... #................#
#......#####.##############
.....".ggg@.....#
.......r####.##.# #.....g.#
#.....# #.......# #..####
#......## #..# #...... #..#
#...... ...# #...... ###.#
#.#


You could see 3 gnolls and a rat.

Vanquished Creatures
  3 endoplasms (D:1)
  A giant cockroach (D:1)
  3 goblins (D:1)
  A hobgoblin (D:1)
  2 jackals (D:1)
  A quokka (D:1)
  3 ball pythons (D:1)
  3 bats (D:1)
  A frilled lizard (D:1)
  6 kobolds (D:1)
  4 rats (D:1)
28 creatures vanquished.

Notes
Turn   | Place    | Note
-------+----------+-------------------------------------------
     0 | D:1      | bmack86 the Minotaur Fighter began the quest for the Orb.
     0 | D:1      | Reached XP level 1. HP: 19/19 MP: 0/0
   188 | D:1      | Reached XP level 2. HP: 23/27 MP: 1/1
   737 | D:2      | Slain by a gnoll

Illustrated notes

Levels and vault maps discovered:
D:1:      dpeg_arrival_rooms_a, layout_basic
D:2:      layout_basic, serial_shops, shop, shop, nicolae_shop_waterfront,
          basic_altar

Skill      XL: |  1  2 |
---------------+-------+-----
Axes           | 3 |  3.3
Fighting       | |  3.9
Armour         | |  3.9
Shields        | |  3.9

Action                   || total
-------------------------++-------
Melee: War axe           ||    49
       Headbutt          ||     9
  Use: Scroll            ||     1
       Potion            ||     1
Armor: Chain mail        ||    42
Dodge: Dodged            ||    24
Block: Buckler           ||    16

Table legend: (Time is in decaauts)
 A = Elapsed time spent in this place.
 B = Non-inter-level travel time spent in this place.
 C = Inter-level travel time spent in this place.
 D = Time resting spent in this place.
 E = Time spent auto-exploring this place.
 F = Levels seen in this place.
 G = Mean time per level.
                   A        B        C        D        E       F      G
               +--------+--------+--------+--------+--------+-----+--------+
         Total |    755 |    729 |     26 |      0 |    425 |   2 |  377.5 |
       Dungeon |    755 |    729 |     26 |      0 |    425 |   2 |  377.5 |
               +--------+--------+--------+--------+--------+-----+--------+

Top non-repeatable levels by time:
     D:1: 715 daAuts
     D:2: 39 daAuts
